 Dungeon Crawl Stone Soup version 0.30.0-18-gf1372a6a44 (webtiles) character file.

Game seed: 10181942153457401893

1027 qw the Chopper (level 8, 0/49 HPs)
             Began as a Gargoyle Fighter on May 21, 2023.
             Slain by a wight
             ... wielding a +2 halberd
              (2 damage)
             ... on level 6 of the Dungeon.
             The game lasted 00:01:39 (3778 turns).

qw the Chopper (Gargoyle Fighter)                   Turns: 3778, Time: 00:01:40

Health: 0/49       AC: 14    Str: 23    XL:     8   Next: 23%
Magic:  0/8        EV:  8    Int:  8    God:
Gold:   349        SH:  4    Dex:  9    Spells: 7/7 levels left

rFire   . . .        Y - +1 war axe
rCold   . . .        c - +0 buckler
rNeg    + + .        g - +0 chain mail
rPois   inf          (no helmet)
rElec   +            (no cloak)
rCorr   .            (no gloves)
SInv    .            (no boots)
Will    .....        u - amulet of guardian spirit Stlth
                     e - +4 ring of slaying {mikee}
HPRegen 0.28/turn    b - ring of positive energy
MPRegen 0.11/turn

%: guardian spirit
@: no status effects
A: sickness immunity, AC +5, negative energy resistance 1, electricity
resistance, torment resistance 1, petrification resistance
a: no special abilities


You were on level 6 of the Dungeon.
You visited 1 branch of the dungeon, and saw 6 of its levels.

You collected 349 gold pieces.


Innate Abilities, Weirdness & Mutations

You are immune to sickness and miasma.
Your stone body is resilient. (AC +5)
You are immune to poison.
You resist negative energy. (rN+)
You are resistant to electric shocks. (rElec)
You are resistant to unholy torment.
You are immune to petrification.


   Skills:
 - Level 5.0 Fighting
 + Level 7.5 Axes
 - Level 2.3 Throwing
 - Level 3.2 Armour
 - Level 1.1 Dodging
 - Level 3.2 Shields


You had 7 spell levels left.
You didn't know any spells.
Your spell library was empty.

Inventory:

Hand Weapons
 n - a +0 flail of draining
 Y - a +1 war axe (weapon)
Missiles
 k - 7 boomerangs (quivered)
Armour
 c - a +0 buckler (worn)
 g - a +0 chain mail (worn)
Jewellery
 b - a ring of positive energy (right hand)
 e - a +4 ring of slaying (left hand) {mikee}
 i - a ring of ice
 u - an amulet of guardian spirit (around neck)
Scrolls
 m - 2 scrolls of identify
Potions
 a - a potion of berserk rage {unknown}
 d - 2 potions of might
 f - 2 potions of curing
 h - a potion of degeneration {unknown}
 l - a potion of experience {unknown}
 o - a potion of flight {unknown}
 p - a potion of attraction {unknown}
 q - 4 potions of lignification
 r - a potion of mutation {unknown}
 t - a potion of invisibility {unknown}
 v - a potion of haste {unknown}
 w - a potion of magic {unknown}

Dungeon Overview and Level Annotations

Branches:
Dungeon (6/15)
 Temple: D:4-7

Altars:
Ashenzari
Elyvilon
Gozag
Hepliaklqana
Qazlal
Sif Muna
Wu Jian
Xom
Yredelemnul

Annotations:
D:4 3 runed translucent doors, qw's ghost, amateur GrCA


Message History

The wight hits you with a +4 battleaxe of freezing!
The wight freezes you.
3771 ||| DRINKING 3 potions of heal wounds.
You feel much better. The wight hits you but does no damage.
The wight hits you with a +4 battleaxe of freezing.
The wight freezes you.
You closely miss the wight.
The wight is heavily damaged.
The wight hits you from afar with a +2 halberd.
The wight hits you with a +4 battleaxe of freezing.
The wight freezes you.
3773 ||| DRINKING 2 potions of heal wounds.
You feel much better. The wight closely misses you.
The wight hits you with a +4 battleaxe of freezing.
The wight freezes you.
You hit the wight.
The wight is severely damaged.
The wight hits you but does no damage.
The wight hits you with a +4 battleaxe of freezing!
The wight freezes you.
3775 ||| DRINKING potion of heal wounds.
You feel much better. You block the wight's attack.
The wight hits you with a +4 battleaxe of freezing!
The wight freezes you.
You barely miss the wight.
The wight is severely damaged.
The wight hits you from afar with a +2 halberd.
The wight hits you but does no damage. The wight barely misses you.
The wight hits you from afar with a +2 halberd.
You hit the wight.
The wight is almost destroyed.
The wight hits you with a +4 battleaxe of freezing.
The wight freezes you. The wight hits you but does no damage.
You slash the wight!
You destroy the wight!
The wight hits you from afar with a +2 halberd.
You die...

### #.$ #.# #####
#.# ##...####.####
##.....)...@).#
##....)####.).(..#
#.....## ####z###
######....## .#
#...###....# .#
..>........# .#
#...###....# z#
##### #+#### .#


You could see a wight.

Vanquished Creatures
  Sigmund (D:2)
  A water moccasin (D:5)
  An ice beast (D:5)
  3 scorpions
  4 wights (D:6)
  A hound (D:5)
  An orc priest (D:3)
  A sleepcap (D:6)
  Terence (D:2)
  2 orc wizards (D:5)
  9 adders
  A white imp (D:5)
  3 worms
  2 dart slugs (D:1)
  13 orcs
  4 endoplasms
  2 giant cockroaches (D:4)
  7 goblins
  5 hobgoblins
  3 jackals (D:3)
  3 quokkas
  4 ball pythons
  12 bats
  6 frilled lizards
  2 kobolds (D:1)
  2 rats
94 creatures vanquished.

Notes
Turn   | Place    | Note
-------+----------+-------------------------------------------
     0 | D:1      | qw the Gargoyle Fighter began the quest for the Orb.
     0 | D:1      | Reached XP level 1. HP: 14/14 MP: 1/1
     0 | D:1      | 0 ||| qw: Version: 0.2-a-98-g16b38d9
     0 | D:1      | 0 ||| qw: Game counter: 2
     0 | D:1      | 0 ||| qw: Always use a shield: true
     0 | D:1      | 0 ||| qw: God list: Okawaru
     0 | D:1      | 0 ||| qw: Allow faded altars: false
     0 | D:1      | 0 ||| qw: Do Orc after D:15 true
     0 | D:1      | 0 ||| qw: Do second Lair branch before Depths: true
     0 | D:1      | 0 ||| qw: Lair rune preference: random
     0 | D:1      | 0 ||| qw: Plans: Normal, Zot:1-4, God:TSO, Crypt, Tomb,
                  | Pan, Slime:5, Hells, Abyss, Win
     0 | D:1      | 0 ||| PLANNING D:1-11
   134 | D:1      | 134 ||| Stepping ~*~*~tactically~*~*~ (stealth).
   136 | D:1      | Reached skill level 2 in Axes
   170 | D:1      | 170 ||| Stepping ~*~*~tactically~*~*~ (stealth).
   192 | D:1      | Reached XP level 2. HP: 14/19 MP: 2/2
   343 | D:1      | Reached skill level 3 in Axes
   348 | D:1      | Reached XP level 3. HP: 23/23 MP: 3/3
   350 | D:1      | 350 ||| DROPPING +0 club.
   661 | D:1      | 661 ||| DROPPING scarf of shadows.
   662 | D:1      | 662 ||| UPGRADING to +4 ring of slaying {mikee}.
   745 | D:2      | Noticed Terence
   747 | D:2      | 747 ||| Stepping ~*~*~tactically~*~*~ (stealth).
   759 | D:2      | Killed Terence
   909 | D:2      | Reached XP level 4. HP: 28/28 MP: 4/4
   909 | D:2      | 909 ||| Stepping ~*~*~tactically~*~*~ (stealth).
  1009 | D:2      | Reached skill level 4 in Axes
  1010 | D:2      | Noticed Sigmund
  1011 | D:2      | 1011 ||| Stepping ~*~*~tactically~*~*~ (stealth).
  1019 | D:2      | Killed Sigmund
  1020 | D:2      | Reached skill level 5 in Axes
  1020 | D:2      | Reached XP level 5. HP: 32/32 MP: 5/5
  1020 | D:2      | Reached XP level 6. HP: 37/37 MP: 6/6
  1211 | D:2      | 1211 ||| UPGRADING to +0 chain mail.
  1221 | D:2      | 1221 ||| DROPPING +0 scale mail.
  1222 | D:2      | 1222 ||| READING scroll labelled BEFFUH NAILU.
  1223 | D:2      | 1223 ||| DRINKING 3 murky amethyst potions.
  1343 | D:3      | 1343 ||| Stepping ~*~*~tactically~*~*~ (stealth).
  1344 | D:3      | 1344 ||| Stepping ~*~*~tactically~*~*~ (stealth).
  1396 | D:3      | Found a basalt altar of Yredelemnul.
  1397 | D:3      | Found an ornate altar of the Wu Jian Council.
  1400 | D:3      | Found a white marble altar of Elyvilon.
  1400 | D:3      | Found an opulent altar of Gozag.
  1410 | D:3      | Found a shimmering blue altar of Sif Muna.
  1410 | D:3      | Found a stormy altar of Qazlal.
  1411 | D:3      | Found a broken altar of Ashenzari.
  1481 | D:3      | 1481 ||| DROPPING +0 whip.
  1483 | D:3      | 1483 ||| Stepping ~*~*~tactically~*~*~ (stealth).
  1487 | D:3      | Reached skill level 1 in Throwing
  2184 | D:3      | 2184 ||| UPGRADING to ring of positive energy.
  2185 | D:3      | 2185 ||| READING scroll labelled HOCIES YREESCH.
  2186 | D:3      | 2186 ||| READING scroll labelled XELONUA WUORU.
  2187 | D:3      | 2187 ||| READING scroll labelled ZUIFIBR JA GACSESS.
  2246 | D:4      | Found a shimmering altar of Xom.
  2336 | D:4      | Reached skill level 6 in Axes
  2587 | D:4      | Found a hazy altar of Hepliaklqana.
  2680 | D:4      | Found a runed translucent gate.
  2680 | D:4      | Identified the +11 sling "Paur" {heavy, rF++ Stlth-}
  2680 | D:4      | Identified the +0 ring mail "Herouhits" {rF++ MP+9 Str+2
                  | SInv}
  2682 | D:4      | Found a runed translucent gate.
  2683 | D:4      | Found a runed translucent gate.
  2684 | D:4      | Noticed qw's ghost (amateur GrCA)
  2841 | D:4      | 2841 ||| DRINKING 2 lumpy inky potions.
  2842 | D:4      | 2842 ||| DRINKING 3 potions of curing.
  2842 | D:4      | 2842 ||| (to cure confusion)
  2843 | D:4      | 2843 ||| DRINKING 3 lumpy sapphire potions.
  2883 | D:4      | 2883 ||| DROPPING potion of ambrosia.
  2898 | D:5      | Entered Level 5 of the Dungeon
  2931 | D:5      | Reached skill level 1 in Dodging
  2931 | D:5      | Reached XP level 7. HP: 37/43 MP: 7/7
  2935 | D:5      | 2935 ||| Stepping ~*~*~tactically~*~*~ (hiding).
  2937 | D:5      | 2937 ||| Stepping ~*~*~tactically~*~*~ (hiding).
  2940 | D:5      | 2940 ||| Stepping ~*~*~tactically~*~*~ (hiding).
  2941 | D:5      | 2941 ||| Stepping ~*~*~tactically~*~*~ (hiding).
  3002 | D:5      | 3002 ||| DRINKING 2 potions of curing.
  3002 | D:5      | 3002 ||| (to cure confusion)
  3152 | D:5      | 3152 ||| Stepping ~*~*~tactically~*~*~ (hiding).
  3153 | D:5      | 3153 ||| Stepping ~*~*~tactically~*~*~ (hiding).
  3269 | D:5      | Reached skill level 7 in Axes
  3335 | D:5      | Reached XP level 8. HP: 49/49 MP: 8/8
  3566 | D:5      | 3566 ||| UPGRADING to amulet of guardian spirit.
  3571 | D:5      | 3571 ||| READING scroll labelled ROIJULIWUE.
  3572 | D:5      | 3572 ||| DRINKING 3 cyan potions.
  3588 | D:6      | 3588 ||| PLANNING SEWER
  3716 | D:6      | 3716 ||| Stepping ~*~*~tactically~*~*~ (stealth).
  3761 | D:6      | 3761 ||| Stepping ~*~*~tactically~*~*~ (hiding).
  3770 | D:6      | HP: 7/49 [wight/+4 battleaxe of freezing (8)]
  3771 | D:6      | 3771 ||| DRINKING 3 potions of heal wounds.
  3773 | D:6      | 3773 ||| DRINKING 2 potions of heal wounds.
  3774 | D:6      | HP: 2/49 [wight/+4 battleaxe of freezing (5)]
  3775 | D:6      | 3775 ||| DRINKING potion of heal wounds.
  3778 | D:6      | Slain by a wight

Levels and vault maps discovered:
D:1:      wheals_arrival_linesprint, layout_rooms
D:2:      layout_rooms, chequers_serial_rivers_marsh, chequers_avenue,
          uniq_terence, uniq_sigmund
D:3:      layout_basic, grunt_temple_overflow_open, amethyst_killhole
D:4:      layout_basic, mainiacjoe_overflow_small_starburst,
          worldfamousw_hep_ancestral_shrine, biasface_ghost_orc_armoury
D:5:      layout_cave_pools
D:6:      layout_loops_corners, mainiacjoe_overflow_six_doors_small,
          bloody_trog, overflow_temple_1_default,
          mainiacjoe_overflow_cross_hatched, portal_sewer_entry_d

Skill      XL: |  1  2  3  4  5  6  7  8 |
---------------+-------------------------+-----
Axes           | 2 3 5 6 7 |  7.5
Throwing       | 1 2 |  2.3
Fighting       | 4 5 |  5.0
Dodging        | 1 |  1.1
Armour         | |  3.2
Shields        | |  3.2

Action                     |  1- 3 |  4- 6 |  7- 9 || total
---------------------------+-------+-------+-------++-------
  Melee: War axe           |    75 |    75 |    80 ||   230
  Throw: Javelin           |       |    29 |    27 ||    56
         Boomerang         |       |       |     4 ||     4
    Use: Potion            |       |     4 |     5 ||     9
         Scroll            |       |     4 |     1 ||     5
 Armour: Scale mail        |    31 |    14 |       ||    45
         Chain mail        |       |    21 |    53 ||    74
  Dodge: Dodged            |    31 |    31 |    28 ||    90
  Block: Buckler           |    18 |    12 |    13 ||    43

Table legend:
 A = Non-vault XP
 B = Vault XP
 C = Vault XP percentage of total XP
 D = Non-vault monster count
 E = Vault monster count
 F = Vault count percentage of total count
                 A         B        C        D         E       F
            +---------+---------+-------+---------+---------+-------
      Total |    1278 |     262 |  17.0 |      92 |       2 |   2.1
            +---------+---------+-------+---------+---------+-------
        D:1 |      39 |       0 |   0.0 |      24 |       0 |   0.0
        D:2 |      49 |     262 |  84.2 |      14 |       2 |  12.5
        D:3 |     121 |       0 |   0.0 |      22 |       0 |   0.0
        D:4 |     126 |       0 |   0.0 |       8 |       0 |   0.0
        D:5 |     619 |       0 |   0.0 |      18 |       0 |   0.0
        D:6 |     324 |       0 |   0.0 |       6 |       0 |   0.0
            +---------+---------+-------+---------+---------+-------
